 Dungeon Crawl Stone Soup version 0.24-a0-584-g9d6b971 (webtiles) character file.

Game seed: 10345321426431150390, levelgen mode: deterministic

590 DEMBOYZ the Firebug (level 7, 0/38 HPs)
             Began as a Gargoyle Fire Elementalist on Sept 2, 2019.
             Slain by Pikel
             ... wielding a +0 whip of flaming
              (1 damage)
             ... on level 4 of the Dungeon.
             The game lasted 00:09:39 (5421 turns).

DEMBOYZ the Firebug (Gargoyle Fire Elementalist)    Turns: 5421, Time: 00:09:40

Health: 0/38       AC:  7    Str: 12    XL:     7   Next: 39%
Magic:  0/12       EV: 12    Int: 17    God:
Gold:   189        SH:  0    Dex: 10    Spells: 7/13 levels left

rFire    . . .     SeeInvis .   o - +0 scythe
rCold    . . .     Gourm    .   (shield currently unavailable)
rNeg     + . .     Faith    .   a - +1 robe
rPois    ∞         Spirit   .   (no helmet)
rElec    +         Reflect  .   (no cloak)
rCorr    .         Harm     .   (no gloves)
MR       .....                  (no boots)
Stlth    ++........             (no amulet)
HPRegen  0.12/turn              (no ring)
MPRegen  0.13/turn              (no ring)

@: no status effects
A: negative energy resistance 1, electricity resistance, unbreathing,
petrification resistance, rot immunity, AC +4
a: no special abilities


You were on level 4 of the Dungeon.
You were not hungry.

You visited 1 branch of the dungeon, and saw 4 of its levels.

You collected 189 gold pieces.

Inventory:

Hand Weapons
 d - a +0 short sword
 f - a +0 mace
 o - a +0 scythe (weapon)
Armour
 a - a +1 robe (worn)
Jewellery
 j - an uncursed amulet of harm {unknown}
Scrolls
 m - 4 scrolls of remove curse
 q - a scroll of identify
Potions
 b - a potion of brilliance
 e - 2 potions of agility
 g - 3 potions of ambrosia
 i - a potion of mutation {unknown}
 k - 2 potions of degeneration {unknown}
 l - a potion of heal wounds {unknown}
 n - a potion of lignification {unknown}
 p - 2 potions of resistance {unknown}
 s - 2 potions of haste {unknown}
 t - a potion of flight {unknown}
Comestibles
 c - 7 rations


   Skills:
 + Level 1.0 Fighting
 + Level 2.5 Maces & Flails
 + Level 0.4 Polearms
 + Level 2.4 Dodging
 - Level 3.3 Stealth
 + Level 0.3 Unarmed Combat
 + Level 3.8 Spellcasting
 + Level 3.4 Conjurations
 + Level 4.8 Fire Magic


You had 7 spell levels left.
You knew the following spells:

 Your Spells              Type           Power        Failure   Level  Hunger
a - Flame Tongue          Conj/Fire      ###..        3%          1    None
b - Throw Flame           Conj/Fire      ###...       4%          2    ##.....
c - Conjure Flame         Conj/Fire      ###.....     9%          3    ###....

Your spell library contained the following spells:

 Spells                   Type           Power        Failure   Level  Hunger
 Inner Flame              Hex/Fire       ##......     19%         3    ###....
 Sticky Flame             Conj/Fire      ###.....     28%         4    ####...
 Fireball                 Conj/Fire      ###.......   63%         5    ######.


Dungeon Overview and Level Annotations

Branches:
Dungeon (4/15)
 Temple: D:4-7

Altars:
Ashenzari
Elyvilon
Hepliaklqana
Qazlal
Ru
Xom

Annotations:
D:3 1 runed translucent door
D:4 Pikel


Innate Abilities, Weirdness & Mutations

You are resistant to torment.
Your stone body is resilient. (AC +4)
You are immune to poison.
You resist negative energy. (rN+)
You are resistant to electric shocks. (rElec)
You can survive without breathing.
You are immune to petrification.
You are immune to rotting.


Message History

Aiming: Flame Tongue (safe; 3% risk of failure)
Press: ? - help, Shift-Dir - straight line, f/p - Pikel
Aim: Pikel, wielding a +0 whip of flaming and wearing a +2 robe of the Archmagi (severely wounded)
The flame tongue hits Pikel!
Pikel is almost dead.
Pikel barely misses you.
You closely miss Pikel.
Pikel is almost dead.
Pikel closely misses you. Pikel misses you.
You hit Pikel but do no damage.
Pikel is almost dead.
Pikel hits you but does no damage.
Pikel scowls and wipes his hands on his robe.
Pikel hits you but does no damage.
You barely miss Pikel.
Pikel is almost dead.
Pikel hits you with a +0 whip of flaming.
* * * LOW HITPOINT WARNING * * *
Pikel burns you.
You die...

.# #...............#.....#. .#
#..##....##.....#.....#. .#
...#..##....##.....##....## .#
....#.........#.....#######. .#
#....#.........#.....'.....#. .#
#....#.........#.....#.....#.
.####....#.........#.....##....#.
.........#######'###.....##....#.
................@..#...........#.
.................K.'...........#.
...................#.....#####'#.
#####..............#######.....p.
....##'########..................
.^............#..................
###'##........'..................
.....#..###.###..................
.....#..#####......########+####.


You could see Pikel.

Vanquished Creatures
  Sigmund (D:3)
  4 slaves (D:3)
  An ogre (D:4)
  A hound (D:4)
  An orc wizard (D:4)
  Terence (D:2)
  4 worker ants
  7 adders
  2 oozes
  5 worms
  A dart slug (D:1)
  3 leopard geckos (D:1)
  5 orcs (D:4)
  2 ball pythons
  4 giant cockroaches
  9 goblins
  6 hobgoblins
  4 jackals
  A quokka (D:2)
  7 bats
  5 frilled lizards
  7 kobolds
  5 rats
86 creatures vanquished.

Notes
Turn   | Place    | Note
-------+----------+-------------------------------------------
     0 | D:1      | DEMBOYZ the Gargoyle Fire Elementalist began the quest for
                  | the Orb.
     0 | D:1      | Reached XP level 1. HP: 10/10 MP: 3/3
   107 | D:1      | Reached XP level 2. HP: 12/15 MP: 0/5
   281 | D:1      | Learned a level 2 spell: Throw Flame
   900 | D:1      | Reached XP level 3. HP: 19/19 MP: 2/6
  1394 | D:2      | Found a hazy altar of Hepliaklqana.
  1397 | D:2      | Found a shimmering altar of Xom.
  1435 | D:2      | Noticed Terence
  1445 | D:2      | Killed Terence
  1445 | D:2      | Reached XP level 4. HP: 20/24 MP: 0/7
  1589 | D:2      | Reached skill level 1 in Maces & Flails
  1768 | D:2      | Reached XP level 5. HP: 28/28 MP: 0/9
  2303 | D:2      | Found a stormy altar of Qazlal.
  2303 | D:2      | Found a shattered altar of Ashenzari.
  2303 | D:2      | Found a sacrificial altar of Ru.
  3114 | D:3      | Noticed Sigmund
  3133 | D:3      | Killed Sigmund
  3133 | D:3      | Reached skill level 4 in Fire Magic
  3133 | D:3      | Reached XP level 6. HP: 32/33 MP: 1/11
  3140 | D:3      | Learned a level 3 spell: Conjure Flame
  3453 | D:3      | Found a white marble altar of Elyvilon.
  3454 | D:3      | Found a runed translucent door.
  3454 | D:3      | Noticed an angel
  3828 | D:4      | Reached XP level 7. HP: 33/37 MP: 4/12
  3909 | D:4      | Noticed Pikel
  4449 | D:4      | Reached skill level 1 in Fighting
  5421 | D:4      | HP: 1/38 [Pikel/+0 whip of flaming (5)]
  5421 | D:4      | Slain by Pikel

Levels and vault maps discovered:
D:1:      co_arrival_random_square_maze, layout_loops_ring
D:2:      minmay_wonky_spiral, layout_basic, grunt_temple_overflow_open,
          minmay_quadrilaterals, uniq_terence
D:3:      layout_loops_ring, first_ration, lemuel_angel_altar, uniq_sigmund
D:4:      layout_gridville, uniq_pikel

Skill      XL: |  1  2  3  4  5  6  7 |
---------------+----------------------+-----
Maces & Flails | 1 2 |  2.5
Dodging        | 2 |  2.4
Conjurations   | 2 3 |  3.4
Stealth        | 3 |  3.3
Spellcasting   | 3 |  3.8
Fire Magic     | 4 |  4.8
Fighting       | 1 |  1.0
Polearms       | |  0.4
Unarmed Combat | |  0.3

Action                   |  1- 3 |  4- 6 |  7- 9 || total
-------------------------+-------+-------+-------++-------
Melee: Unarmed           |     7 |       |       ||     7
       Mace              |    26 |    45 |       ||    71
       Scythe            |       |     1 |    34 ||    35
 Cast: Flame Tongue      |    31 |    53 |    73 ||   157
       Throw Flame       |    13 |    31 |    17 ||    61
  Use: Scroll            |     6 |     3 |     3 ||    12
       Potion            |       |     1 |     2 ||     3
 Stab: Sleeping          |       |     3 |       ||     3
  Eat: Chunk             |     3 |     5 |     4 ||    12
       Ration            |       |     1 |     1 ||     2
Armor: Robe              |    12 |    22 |    32 ||    66
Dodge: Dodged            |    47 |    49 |    66 ||   162

Table legend:
 A = Non-vault XP
 B = Vault XP
 C = Vault XP percentage of total XP
 D = Non-vault monster count
 E = Vault monster count
 F = Vault count percentage of total count
                 A         B        C        D         E       F
            +---------+---------+-------+---------+---------+-------
      Total |     532 |     312 |  37.0 |      72 |      10 |  12.2
            +---------+---------+-------+---------+---------+-------
        D:1 |      39 |       0 |   0.0 |      20 |       0 |   0.0
        D:2 |      99 |      85 |  46.2 |      26 |       9 |  25.7
        D:3 |      42 |     227 |  84.4 |      11 |       1 |   8.3
        D:4 |     352 |       0 |   0.0 |      15 |       0 |   0.0
            +---------+---------+-------+---------+---------+-------
